 Dungeon Crawl Stone Soup version 0.24-a0-84-g25a2d9f (webtiles) character file.

Game seed: 14249006807082125190

95 Kairos the Shield-Bearer (level 4, -1/24 HPs)
             Began as a Vine Stalker Fighter on Feb 7, 2019.
             Killed from afar by an orc wizard (4 damage)
             ... with a magic dart
             ... on level 3 of the Dungeon.
             The game lasted 00:03:24 (2328 turns).

Kairos the Shield-Bearer (Vine Stalker Fighter)     Turns: 2328, Time: 00:03:24

Health: -1/24      AC:  8    Str: 24    XL:     4   Next: 66%
Magic:  0/5        EV: 10    Int:  8    God:
Gold:   240        SH: 10    Dex: 14    Spells: 3/3 levels left

rFire    . . .     SeeInvis .   l - -2 hunting sling (curse)
rCold    . . .     Gourm    .   c - +0 shield
rNeg     . . .     Faith    .   b - +1 scale mail
rPois    .         Spirit   +   j - +0 helmet
rElec    .         Reflect  .   (no cloak)
rCorr    .         Harm     .   (no gloves)
MR       .....                  (no boots)
Stlth    ..........             (no amulet)
HPRegen  0.48/turn              o - +3 ring of evasion
MPRegen  0.09/turn              (no ring)

@: mighty, lethally poisoned (-1 -> -13), slowed, very slow
A: fangs 2, regeneration 1, magic shield, antimagic bite, no potion heal 3, rot
immunity
a: no special abilities


You were on level 3 of the Dungeon.
You were near starving.

You visited 1 branch of the dungeon, and saw 3 of its levels.

You collected 240 gold pieces.

Inventory:

Hand Weapons
 a - a +0 flail
 l - a cursed -2 hunting sling (weapon)
 q - a +0 morningstar
Missiles
 h - 49 bolts
 n - 29 stones (quivered)
Armour
 b - a +1 scale mail (worn)
 c - a +0 shield (worn)
 j - a +0 helmet (worn)
Jewellery
 o - a +3 ring of evasion (left hand)
Scrolls
 e - 3 scrolls of identify
 g - a scroll of fear
 p - a scroll of enchant armour
 r - a scroll of noise {unknown}
Potions
 d - 2 potions of might
 i - a potion of agility {unknown}
 k - 2 potions of curing {unknown}
 m - a potion of brilliance {unknown}
Comestibles
 f - 4 rations


   Skills:
 + Level 3.0 Fighting
 + Level 2.6 Maces & Flails
 + Level 0.2 Slings
 + Level 3.0 Armour
 + Level 0.5 Dodging
 + Level 3.3 Shields


You had 3 spell levels left.
You didn't know any spells.
Your spell library was empty.

Dungeon Overview and Level Annotations

Branches:
Dungeon (3/15)

Altars:
Dithmenos
Fedhas


Innate Abilities, Weirdness & Mutations

You have extremely sharp teeth.
Your natural rate of healing is unusually fast.
When hurt, damage is shared between your health and your magic reserves.
Your bite disrupts and absorbs the magic of your enemies.
Potions cannot restore your health.
You are immune to rotting.


Message History

You block the orc wizard's attack. The orc wizard barely misses you.
Really attack while wielding your cursed -2 hunting sling? [Y]es or [N]o only, please.
Really attack while wielding your cursed -2 hunting sling? [Y]es or [N]o only, please.
Really attack while wielding your cursed -2 hunting sling?
Okay, then.
Firing (i - inventory)
n - 30 stones (quivered)
Press: ? - help, Shift-Dir - straight line, f/p - orc wizard
Aim: an orc wizard, wielding a +1 dagger of venom and wearing a +0 robe (moderately wounded, fast)
You shoot a stone. The stone hits the orc wizard.
The orc wizard is heavily wounded.
* * * LOW HITPOINT WARNING * * *
You feel very sick. You block the bat's attack.
The orc wizard barely misses you.
The orc wizard hits you but does no damage.
You are more poisoned.
The orc wizard points at you and mumbles some strange words.
The magic dart hits you!
You die...

#.......##.# ##...o>.##.#
#.#.†o.##.# ##.##)#.##.### ####
#.....#b##.#.. ..# #
#####.(####(##.#.# #.# #
........(..o...#.####.####### #
#####....((.####.#..........#####
#.#####)(..(@b(##)#####...... #.#
#.###.o.....# ####### ##.##
#(.......##.# ### #[..#
#..#..#..##.# #.. #..)#
#..#.....##.# #.#
#...####........##.. #.#
####.....<.(.#......... #.#
...........#.......###.. ####.#
.................... .. #.....


You could see an orc wizard and a bat.

Vanquished Creatures
  An adder (D:2)
  An ooze (D:1)
  2 worms (D:2)
  2 dart slugs
  3 leopard geckos
  3 orcs (D:3)
  2 giant cockroaches (D:1)
  8 hobgoblins
  2 jackals (D:2)
  3 ball pythons
  10 bats
  2 frilled lizards
  11 goblins
  7 kobolds
  7 rats
64 creatures vanquished.

Notes
Turn   | Place    | Note
-------+----------+-------------------------------------------
     0 | D:1      | Kairos the Vine Stalker Fighter began the quest for the
                  | Orb.
     0 | D:1      | Reached XP level 1. HP: 11/11 MP: 2/2
   132 | D:1      | Reached XP level 2. HP: 13/16 MP: 3/3
   551 | D:1      | Reached XP level 3. HP: 17/20 MP: 4/4
   975 | D:2      | Gained mutation: Your natural rate of healing is unusually
                  | fast. [Vine Stalker growth]
   975 | D:2      | Reached XP level 4. HP: 24/24 MP: 5/5
  1177 | D:2      | Found a blossoming altar of Fedhas.
  2244 | D:3      | Found a shadowy altar of Dithmenos.
  2328 | D:3      | Killed from afar by an orc wizard

Levels and vault maps discovered:

Skill      XL: |  1  2  3  4 |
---------------+-------------+-----
Fighting       | 3 |  3.0
Maces & Flails | 2 |  2.6
Shields        | 3 |  3.3
Armour         | 3 |  3.0
Slings         | |  0.2
Dodging        | |  0.5

Action                   |  1- 3 |  4- 6 || total
-------------------------+-------+-------++-------
Melee: Flail             |   109 |    39 ||   148
       Bite              |    31 |    10 ||    41
 Fire: Hunting sling     |       |    59 ||    59
  Use: Scroll            |     2 |     3 ||     5
       Potion            |       |     1 ||     1
  Eat: Chunk             |       |     3 ||     3
Armor: Scale mail        |    54 |    32 ||    86
Dodge: Dodged            |    38 |    32 ||    70
Block: Shield            |    74 |    41 ||   115

Table legend:
 A = Non-vault XP
 B = Vault XP
 C = Vault XP percentage of total XP
 D = Non-vault monster count
 E = Vault monster count
 F = Vault count percentage of total count
                 A         B        C        D         E       F
            +---------+---------+-------+---------+---------+-------
      Total |     137 |       0 |   0.0 |      64 |       0 |   0.0
            +---------+---------+-------+---------+---------+-------
        D:1 |      53 |       0 |   0.0 |      27 |       0 |   0.0
        D:2 |      67 |       0 |   0.0 |      29 |       0 |   0.0
        D:3 |      17 |       0 |   0.0 |       8 |       0 |   0.0
            +---------+---------+-------+---------+---------+-------
